 Dungeon Crawl Stone Soup version 0.21.1-1-g345015fe64 (webtiles) character file.

85 JarielCorvus the Magician (level 4, -2/24 HPs)
             Began as a Deep Elf Fire Elementalist on July 6, 2018.
             Killed by nerve-wracking pain
             ... invoked by P0WERM0DE's ghost
              (13 damage)
             ... on level 3 of the Dungeon.
             The game lasted 00:07:02 (2801 turns).

JarielCorvus the Magician (DEFE)                    Turns: 2801, Time: 00:07:03

Health: -2/24      AC:  2    Str:  5    XL:     4   Next: 25%
Magic:  2/12       EV: 13    Int: 21    God:
Gold:   74         SH:  0    Dex: 15    Spells: 3/12 levels left

rFire    . . .     SeeInvis .   l - +2 trident (venom)
rCold    . . .     Gourm    .   (no shield)
rNeg     . . .     Faith    .   a - +0 robe
rPois    .         Spirit   .   (no helmet)
rElec    .         Reflect  .   (no cloak)
rCorr    .         Harm     .   (no gloves)
MR       .....                  (no boots)
Stlth    ++........             (no amulet)
HPRegen  0.08/turn              (no ring)
MPRegen  0.13/turn              (no ring)

@: no status effects
A: no striking features
a: no special abilities


You were on level 3 of the Dungeon.
You were hungry.

You visited 1 branch of the dungeon, and saw 3 of its levels.

You collected 74 gold pieces.

Inventory:

Hand Weapons
 l - a +2 trident of venom (weapon)
Armour
 a - a +0 robe (worn)
 j - a +0 robe
Jewellery
 k - a cursed -3 ring of intelligence {unknown}
Scrolls
 g - a scroll of magic mapping {unknown}
 h - a scroll of teleportation {unknown}
Potions
 e - a potion of brilliance {unknown}
 f - a potion of cancellation {unknown}
 i - a potion of degeneration {unknown}
Books
 b - a book of Flames

   Spells                             Type                      Level
   a - Flame Tongue                   Conjuration/Fire             1
   b - Throw Flame                    Conjuration/Fire             2
   c - Conjure Flame                  Conjuration/Fire             3
   d - Inner Flame                    Hexes/Fire                   3
   e - Sticky Flame                   Conjuration/Fire             4
   f - Fireball                       Conjuration/Fire             5
Comestibles
 c - 6 rations


   Skills:
 - Level 2.4 Dodging
 - Level 2.4 Stealth
 * Level 4.9 Spellcasting
 + Level 2.4 Conjurations
 + Level 4.0 Fire Magic


You had 3 spell levels left.
You knew the following spells:

 Your Spells              Type           Power        Failure   Level  Hunger
a - Flame Tongue          Conj/Fire      ###..        3%          1    None
b - Throw Flame           Conj/Fire      ###...       4%          2    None
c - Conjure Flame         Conj/Fire      ###.....     9%          3    ##.....
d - Inner Flame           Hex/Fire       ##......     14%         3    ##.....


Dungeon Overview and Level Annotations

Branches:
Dungeon (3/15)

Altars:

Annotations:
D:3 P0WERM0DE's ghost, weakling OpNe


Message History

P0WERM0DE's ghost stares at you and mumbles some strange words.
Pain shoots through your body! P0WERM0DE's ghost casts a spell at you.
You barely resist.
Attack whom?
Press: ? - help, Dir - move target cursor, f/p - P0WERM0DE's ghost
Aim: P0WERM0DE's ghost You reach to attack!
You closely miss P0WERM0DE's ghost.
Attack whom?
Press: ? - help, Dir - move target cursor, f/p - P0WERM0DE's ghost
Aim: P0WERM0DE's ghost You reach to attack!
You closely miss P0WERM0DE's ghost.
Attack whom?
Press: ? - help, Dir - move target cursor, f/p - P0WERM0DE's ghost
Aim: P0WERM0DE's ghost You closely miss P0WERM0DE's ghost.
P0WERM0DE's ghost hits you.
P0WERM0DE's ghost stares at you and mumbles some strange words.
Pain shoots through your body!
Ouch! That really hurt!
You die...

##§§§§.P§...#
..#.§.†.....#
#.#.........#
#.#.........# #
#.#.........## .###
#.#...###...[# ...
#####.#...###.##.###.#
...............W>....#####
...##.......#.##@#........
##.####...#.#.##.#.#######
# # #####.#.##.#.#...#
#.#.##.#.#.#.#
#.#.##.#.#†#.#
#.#.##.#...#.#
#.#.##.#...#.#
#.#.##.#.#.#.# #.#
#.#.....#


You could see P0WERM0DE's ghost.

Vanquished Creatures
  A worker ant zombie (D:3)
  A howler monkey zombie (D:3)
  An adder (D:3)
  A worm (D:2)
  4 leopard geckos
  An orc (D:3)
  6 bats
  4 goblins (D:1)
  6 hobgoblins
  6 jackals
  6 frilled lizards
  4 kobolds
  2 rats
43 creatures vanquished.

Notes
Turn   | Place    | Note
-------+----------+-------------------------------------------
     0 | D:1      | JarielCorvus the Deep Elf Fire Elementalist began the quest for the Orb.
     0 | D:1      | Reached XP level 1. HP: 10/10 MP: 6/6
   146 | D:1      | Reached XP level 2. HP: 15/15 MP: 5/8
   150 | D:1      | Learned a level 2 spell: Throw Flame
  1239 | D:2      | Reached XP level 3. HP: 19/19 MP: 8/10
  1244 | D:2      | Learned a level 3 spell: Conjure Flame
  1248 | D:2      | Learned a level 3 spell: Inner Flame
  2471 | D:3      | Reached XP level 4. HP: 24/24 MP: 6/12
  2779 | D:3      | Noticed P0WERM0DE's ghost (weakling OpNe)
  2801 | D:3      | Killed from afar by P0WERM0DE's ghost

Skill      XL: |  1  2  3  4 |
---------------+-------------+-----
Spellcasting   | 4 |  4.9
Conjurations   | 2 |  2.4
Fire Magic     | 4 |  4.0
Dodging        | |  2.4
Stealth        | |  2.4

Action                   |  1- 3 |  4- 6 || total
-------------------------+-------+-------++-------
Melee: Trident           |       |     7 ||     7
 Cast: Flame Tongue      |    57 |    10 ||    67
       Throw Flame       |    18 |     8 ||    26
       Inner Flame       |     5 |       ||     5
       Conjure Flame     |       |     1 ||     1
  Use: Scroll            |     4 |       ||     4
       Potion            |       |     1 ||     1
  Eat: Chunk             |     2 |       ||     2
       Ration            |     1 |       ||     1
Armor: Robe              |     3 |     1 ||     4
Dodge: Dodged            |     9 |    10 ||    19
